Unix NetHack Version 3.7.0-101 Work-in-progress - last build Mar 25 2024 11:18:41 (462964f8eaac915e699fc3a71b43428251fec12b,branch:master). Game began 2024-03-30 13:17:36, ended 2024-03-30 15:22:17. Gilette, neutral male gnomish Wizard ------- ------ |..... |..... |....----- .@....-..o.|@(%| |...oo@%%| -..o.----- ......... ---------+- Gilette the Thaumaturge St:11 Dx:14 Co:15 In:15 Wi:14 Ch:13 Neutral Dlvl:6 $:21 HP:0(54) Pw:7(48) AC:8 Xp:6/424 T:5516 Latest messages: The ape hits! The ape hits again! The ape bites! In what direction? 4 The spell hits the ape! The spell hits the hill orc! You kill the hill orc! The ape hits! The ape hits again! The ape bites! In what direction? 4 The spell hits the ape! You kill the ape! The watch captain opens a door. The hill orc picks up a crude dagger. There is an open door here. You see here an ape corpse. The hill orc thrusts his crude dagger. The hill orc hits! You hit the hill orc. The hill orc thrusts his crude dagger. The hill orc hits! The ape hits! The ape hits again! The ape just misses! What do you want to write with? You write in the dust with your fingertip. What do you want to write in the dust here? Elbereth The hill orc turns to flee. The hill orc thrusts his crude dagger. The hill orc hits! Pick an object. Something is written here in the dust. You read: "Elbereth". You see no objects here. The hill orc turns to flee. The hill orc hits! Something is written here in the dust. You read: "Elbereth". You see no objects here. You shock the hill orc! You shock it! You shock the hill orc! You shock the hill orc! You hear a door open. The hill orc turns to flee. You don't have enough energy to cast that spell. The hill orc hits! You die... Siboga gratefully inherits all your possessions. Inventory: Coins ('$') $ - 21 gold pieces Weapons (')') r - 16 uncursed +0 shuriken X - an uncursed -1 dagger w - an uncursed +0 orcish dagger (weapon in right hand) A - 2 uncursed very corroded +0 orcish daggers a - a blessed +1 quarterstaff Armor ('[') P - a cursed -1 orcish helm s - an uncursed +0 pair of low boots (being worn) b - an uncursed +0 cloak of magic resistance (being worn) C - an uncursed +0 oilskin cloak Comestibles ('%') Z - 2 uncursed food rations B - a cursed tripe ration Scrolls ('?') G - an uncursed scroll of enchant weapon j - an uncursed scroll of light k - an uncursed scroll of magic mapping S - a cursed scroll of teleportation Spellbooks ('+') E - an uncursed spellbook of chain lightning p - an uncursed spellbook of cure blindness l - a blessed spellbook of force bolt Potions ('!') h - an uncursed potion of blindness q - a blessed potion of booze f - 2 uncursed potions of paralysis F - an uncursed potion of speed g - an uncursed potion of water Rings ('=') d - an uncursed ring of fire resistance (on right hand) e - an uncursed ring of slow digestion (on left hand) Wands ('/') c - an uncursed wand of magic missile (0:6) Tools ('(') o - an uncursed blindfold y - an uncursed leash n - an uncursed magic marker (0:10) u - a cursed tin opener K - an uncursed tin whistle Gems/Stones ('*') z - an uncursed citrine stone x - an uncursed worthless piece of black glass t - 3 uncursed worthless pieces of green glass D - an uncursed worthless piece of orange glass R - 2 uncursed worthless pieces of red glass V - 2 uncursed worthless pieces of violet glass Y - 2 uncursed worthless pieces of yellow glass v - an uncursed worthless piece of yellowish brown glass N - an uncursed flint stone Gilette the Wizard's attributes: Background: You were a Thaumaturge, a level 6 male gnomish Wizard. You were neutral, on a mission for Thoth who was opposed by Ptah (lawful) and Anhur (chaotic). You were right-handed. You were in the Gnomish Mines, on level 6. You entered the dungeon 5516 turns ago. You had 424 experience points, 216 more were needed to attain level 7. Basics: You had 0 out of 54 hit points. You had 7 out of 48 energy points (spell power). Your armor class was 8. Your wallet contained 21 zorkmids. Autopickup was on for '$?!"=/*' plus thrown, with exceptions. Final Characteristics: Your strength was 11 (limit:18/50). Your dexterity was 14 (limit:18). Your constitution was 15 (limit:18). Your intelligence was 15 (limit:19). Your wisdom was 14 (limit:18). Your charisma was 13 (limit:18). Final Status: You weren't hungry. You were unencumbered. You were wielding a dagger. You were unskilled in dagger. Final Attributes: You were piously aligned. You were magic-protected. You were fire resistant. Your items were protected from fire. You had infravision. You had slower digestion. You were warded. You are dead. Miscellaneous: You never encountered a bones level. Total elapsed playing time was 53 minutes and 55 seconds. Major events: Turn 1: Gilette the neutral male gnomish Wizard entered the dungeon 1595: attained the rank of Conjurer (level 3) 5051: entered the Gnomish Mines 5473: attained the rank of Thaumaturge (level 6) 5484: reached Mine Town 5516: killed by a hill orc Vanquished creatures: an ape 4 shriekers a floating eye a kitten a homunculus a kobold shaman a hill orc a giant bat a dwarf zombie a wererat 2 iguanas 4 killer bees 5 acid blobs 4 gas spores a hobbit 2 large kobolds 7 giant rats 2 red molds 8 geckos 8 jackals 3 foxes 4 kobolds 4 goblins 3 sewer rats 5 grid bugs a bat 8 lichens 3 kobold zombies 9 newts 96 creatures vanquished. No species were genocided or became extinct. Voluntary challenges: You read items or engraved 6 times. You engraved Elbereth 1 time. You never genocided any monsters. You never polymorphed an object. You never changed form. You used no wishes. Achievements: You attained the rank of Conjurer. You entered the Gnomish Mines. You attained the rank of Thaumaturge. You entered Minetown. You entered a shop. The Dungeons of Doom: levels 1 to 3 Level 1: "vault" An altar to Thoth, a fountain, a grave. Level 2: Some fountains. Stairs down to The Gnomish Mines. Level 3: The Gnomish Mines: levels 3 to 6 Level 3: Level 4: Level 5: Level 6: <- You were here. A delicatessen, an altar. Final resting place for you, killed by a hill orc. Game over: ---------- / \ / REST \ / IN \ / PEACE \ / \ | Gilette | | 0 Au | | killed by a hill | | orc | | | | | | 2024 | *| * * * | * _________)/\\_//(\/(/\)/\//\/|_)_______ Goodbye Gilette the Wizard... You died in The Gnomish Mines on dungeon level 6 with 1946 points, and 0 pieces of gold, after 5516 moves. You were level 6 with a maximum of 54 hit points when you died.